 Dungeon Crawl Stone Soup version 0.17-a0-945-g601bd79 (webtiles) character file.

10434 inmateoo the Arsonist (level 11, -2/56 HPs)
             Began as a Deep Elf Fire Elementalist on May 6, 2015.
             Was an Elder of Vehumet.
             Slain by Maud
             ... wielding a +2 broad axe
              (28 damage)
             ... on level 11 of the Dungeon.
             The game lasted 00:34:53 (14744 turns).

inmateoo the Arsonist (Deep Elf Fire Elementalist) Turns: 14744, Time: 00:34:54

Health: -2/56      AC:  8    Str:  4 (5)  XL:     11   Next: 36%
Magic:  0/26       EV: 17    Int: 24      God:    Vehumet [****..]
Gold:   671        SH:  5    Dex: 14 (15) Spells: 6 memorised, 10 levels left

rFire  . . .     SeeInvis .     K - +2 falchion (slice)
rCold  . . .     Rnd*Rage +     q - +2 robe {MR+}
rNeg   . . .     SustAb   .     s - +0 buckler
rPois  +         Gourm    .     n - +0 helmet
rElec  .         Spirit   +     t - +0 cloak
rCorr  .         Warding  .     l - +0 pair of gloves
rMut   .         Rnd*Tele +     J - +0 pair of boots
MR     +++..                    y - amulet of guardian spirit
Stlth  ++++......               C - ring of teleportation (curse)
                                N - ring of poison resistance

@: extremely resistant to hostile enchantments, stealthy
A: berserk 1, deterioration 1, magic resistance 1, sense surroundings 1
a: Renounce Religion, Evoke Teleportation


You were on level 11 of the Dungeon.
You worshipped Vehumet.
Vehumet was greatly pleased with you.
You were not hungry.

You visited 2 branches of the dungeon, and saw 12 of its levels.

You collected 671 gold pieces.

Inventory:

Hand weapons
 d - a +2 falchion of freezing
 K - a +2 falchion of slicing (weapon)
Missiles
 e - 2 throwing nets (quivered)
Armour
 l - a +0 pair of gloves (worn)
 n - a +0 helmet (worn)
 q - a +2 robe of magic resistance (worn)
 s - a +0 buckler (worn)
 t - a +0 cloak (worn)
 J - a +0 pair of boots (worn)
Jewellery
 m - an uncursed ring of protection from fire
 y - an amulet of guardian spirit (around neck)
 B - a +3 ring of dexterity
 C - a cursed ring of teleportation (right hand)
 D - an uncursed ring of protection from magic
 N - a ring of poison resistance (left hand)
Magical devices
 u - a wand of lightning (8)
 v - a wand of paralysis (13)
 z - a wand of digging (13)
Scrolls
 a - a scroll of magic mapping
 g - 4 scrolls of blinking
 i - 3 scrolls of noise
 j - 2 scrolls of fear
 r - 2 scrolls of enchant armour
 F - 2 scrolls of teleportation
 I - a scroll of enchant weapon
Potions
 k - a potion of agility
 o - 2 potions of heal wounds
 p - 2 potions of might
 w - 2 potions of cancellation
 x - a potion of invisibility
 E - a potion of haste
 H - a potion of curing
 L - a potion of magic
Books
 b - a book of Flames

   Spells                             Type                      Level
   a - Flame Tongue                   Conjuration/Fire             1
   b - Throw Flame                    Conjuration/Fire             2
   c - Conjure Flame                  Conjuration/Fire             3
   d - Inner Flame                    Hexes/Fire                   3
   e - Sticky Flame                   Conjuration/Fire             4
   f - Fireball                       Conjuration/Fire             5
Comestibles
 c - 5 bread rations
 f - 5 meat rations
 h - a beef jerky
 A - 15 fruits
 G - 9 royal jellies


   Skills:
 + Level 1.3 Fighting
 + Level 8.4 Dodging
 + Level 9.0 Stealth
 + Level 4.5 Shields
 + Level 9.2 Spellcasting
 + Level 8.2 Conjurations
 * Level 11.3 Fire Magic


You had 10 spell levels left.
You knew the following spells:

 Your Spells              Type           Power        Failure   Level  Hunger
a - Flame Tongue          Conj/Fire      #####        1%          1    None
b - Conjure Flame         Conj/Fire      ######..     1%          3    None
c - Sticky Flame          Conj/Fire      ######..     1%          4    ##.....
d - Fireball              Conj/Fire      ######....   1%          5    ####...
e - Shock                 Conj/Air       ####         1%          1    None
f - Force Lance           Conj/Tloc      ####....     4%          4    ##.....


Dungeon Overview and Level Annotations

Branches:
Dungeon (11/15)            Temple (1/1) D:5             Orc (0/4) D:10
   Lair: D:8-11

Altars:
Ashenzari
Cheibriados
Dithmenos
Elyvilon
Fedhas
Gozag
Kikubaaqudgha
Makhleb
Nemelex Xobeh
Okawaru
Qazlal
Ru
Sif Muna
Trog
Vehumet
Xom
Yredelemnul
Zin
The Shining One

Annotations:
D:5 1 exclusion
D:11 Maud


Innate Abilities, Weirdness & Mutations

You tend to lose your temper in combat.
Your body sometimes deteriorates upon taking damage.
You are resistant to hostile enchantments.
You passively map a small area around you.


Message History

Maud hits you with an enchanted broad axe!
Casting: Flame Tongue
Confirm with . or Enter, or press ? or * to list all spells.
Aiming: Flame Tongue
Press: ? - help, Shift-Dir - straight line, f/p - Maud
Aim: Maud, wielding an enchanted broad axe and wearing a plate armour (flame, heavily wounded, covered in liquid flames)
The flame tongue hits Maud.
Maud is heavily wounded.
Maud burns!
Casting: Flame Tongue
Confirm with . or Enter, or press ? or * to list all spells.
Aiming: Flame Tongue
Press: ? - help, Shift-Dir - straight line, f/p - Maud
Aim: Maud, wielding an enchanted broad axe and wearing a plate armour (flame, heavily wounded, covered in liquid flames)
The flame tongue hits Maud.
Maud is severely wounded.
Maud burns!
Maud is engulfed in roaring flames.
Maud hits you with an enchanted broad axe!!
Ouch! That really hurt!
You die...

* * ,
##.#.#.#.#
* ....#.#.#
*,
#.#.#.#.# *
#.#.#.#.#
#<......# ,
#.#.#.### ,
#.#.#.#
**#.#.#.##
#.#<..@#*
#...###@.#
###.......#
####.....#,
.....# *
.....#*
...### ####
*


You could see Maud (burning).

Vanquished Creatures
  Erolcha (D:10)
  An ugly thing (D:10)
  2 trolls
  A wyvern (D:10)
  5 yaks (D:9)
  2 hippogriffs
  2 sky beasts (D:10)
  3 water moccasins
  A soldier ant (D:8)
  An ice beast (D:6)
  12 orc warriors
  A phantom (D:10)
  2 wasps
  An eye of draining (D:10)
  7 ogres
  The ghost of g1smo the Insei, an average DgTm (D:4)
  7 centaurs
  5 giant frogs
  3 big kobolds (D:7)
  A gnoll sergeant (D:8)
  A water moccasin skeleton (D:8)
  5 scorpions
  9 wights
  15 killer bees
  A quasit (D:10)
  5 hounds
  6 crimson imps
  A giant frog zombie (D:10)
  2 centaur zombies
  2 goliath beetles (D:8)
  4 jellies
  A giant frog skeleton (D:10)
  11 orc wizards
  Jessica (D:2)
  9 orc priests
  Terence (D:2)
  3 gnoll shamans (D:7)
  5 iguanas
  3 worker ants
  17 gnolls
  A hound skeleton (D:10)
  2 worker ant zombies
  Robin (D:2)
  13 adders
  4 shadow imps
  2 oozes
  An adder zombie (D:9)
  2 worms
  2 giant geckos
  44 orcs
  24 bats
  5 bat skeletons
  A bat zombie (D:7)
  A fire bat (D:5)
  5 giant cockroaches
  22 hobgoblins
  7 jackals
  A ball python (D:1)
  A giant gecko skeleton (D:5)
  A giant gecko zombie (D:6)
  3 giant newts
  17 goblins
  14 kobolds
  7 quokkas
  A quokka skeleton (D:9)
  37 rats
  2 fungi (D:7)
  A plant (D:7)
383 creatures vanquished.

Vanquished Creatures (others)
  3 fungi (D:7)
  A plant (D:7)
4 creatures vanquished.

Grand Total: 387 creatures vanquished

Notes
Turn   | Place    | Note
--------------------------------------------------------------
     0 | D:1      | inmateoo, the Deep Elf Fire Elementalist, began the quest for the Orb.
     0 | D:1      | Reached XP level 1. HP: 10/10 MP: 6/6
   189 | D:1      | Reached XP level 2. HP: 12/15 MP: 0/8
  1019 | D:2      | Reached XP level 3. HP: 16/19 MP: 5/9
  1115 | D:2      | Found a snail-covered altar of Cheibriados.
  1170 | D:2      | Noticed Robin
  1393 | D:3      | Learned a level 3 spell: Conjure Flame
  1500 | D:3      | Found a white marble altar of Elyvilon.
  1535 | D:3      | Found a blossoming altar of Fedhas.
  1781 | D:2      | Noticed Terence
  1793 | D:2      | Killed Terence
  1793 | D:2      | Reached skill level 4 in Fire Magic
  1793 | D:2      | Reached XP level 4. HP: 17/24 MP: 0/11
  1830 | D:2      | Noticed Jessica
  1833 | D:2      | Killed Jessica
  2103 | D:2      | Killed Robin
  2116 | D:2      | Reached XP level 5. HP: 16/28 MP: 7/12
  2744 | D:3      | Found an iron altar of Okawaru.
  3040 | D:3      | Learned a level 4 spell: Sticky Flame
  3519 | D:4      | Reached XP level 6. HP: 32/32 MP: 11/14
  3564 | D:4      | Found a sacrificial altar of Ru.
  3578 | D:4      | Reached skill level 5 in Fire Magic
  4083 | D:4      | Learned a level 5 spell: Fireball
  4383 | D:4      | Reached XP level 7. HP: 36/36 MP: 2/16
  4675 | D:4      | Reached skill level 6 in Fire Magic
  4941 | D:4      | Noticed g1smo's ghost (average DgTm)
  4948 | D:4      | Killed g1smo's ghost
  4975 | D:4      | Reached skill level 5 in Spellcasting
  5285 | D:4      | Found a shadowy altar of Dithmenos.
  5285 | D:4      | Found a bloodstained altar of Trog.
  5536 | D:4      | Reached skill level 5 in Dodging
  5722 | D:5      | Entered Level 5 of the Dungeon
  5741 | D:5      | Reached skill level 5 in Stealth
  5833 | D:5      | Reached skill level 1 in Shields
  5833 | D:5      | Reached XP level 8. HP: 41/41 MP: 7/17
  6259 | D:5      | Found a staircase to the Ecumenical Temple.
  6261 | D:5      | Found a sparkling altar of Nemelex Xobeh.
  6293 | Temple   | Entered the Ecumenical Temple
  6325 | Temple   | Became a worshipper of Vehumet
  6449 | D:5      | Reached skill level 5 in Conjurations
  6449 | D:5      | Reached skill level 7 in Fire Magic
  7018 | D:6      | Acquired Vehumet's first power
  7018 | D:6      | Offered knowledge of Shock by Vehumet.
  7718 | D:6      | Reached skill level 8 in Fire Magic
  7718 | D:6      | Reached XP level 9. HP: 45/45 MP: 17/20
  7721 | D:6      | Learned a level 1 spell: Shock
  8054 | D:7      | Offered knowledge of Throw Frost by Vehumet.
  8564 | D:7      | Reached skill level 9 in Fire Magic
  9155 | D:7      | Offered knowledge of Stone Arrow by Vehumet.
  9401 | D:7      | Reached XP level 10. HP: 50/50 MP: 16/23
  9409 | D:7      | Acquired Vehumet's second power
  9932 | D:8      | Offered knowledge of Force Lance by Vehumet.
  9941 | D:8      | Learned a level 4 spell: Force Lance
 10256 | D:8      | Found an opulent altar of Gozag.
 10257 | D:8      | Found a glowing silver altar of Zin.
 10315 | D:8      | Found a deep blue altar of Sif Muna.
 10648 | D:9      | Reached skill level 10 in Fire Magic
 10942 | D:9      | Acquired Vehumet's third power
 10967 | D:9      | Offered knowledge of Olgreb's Toxic Radiance by Vehumet.
 12068 | D:10     | Entered Level 10 of the Dungeon
 12096 | D:10     | Noticed Erolcha
 12103 | D:10     | Killed Erolcha
 12227 | D:10     | Reached skill level 11 in Fire Magic
 12227 | D:10     | Reached XP level 11. HP: 41/54 MP: 5/25
 12883 | D:10     | Found a sacrificial altar of Ru.
 13025 | D:10     | Offered knowledge of Freezing Cloud by Vehumet.
 13563 | D:10     | Gained mutation: You are resistant to hostile enchantments. [mutagenic meat]
 13564 | D:10     | Gained mutation: You tend to lose your temper in combat. [mutagenic meat]
 13566 | D:10     | Gained mutation: Your body sometimes deteriorates upon taking damage. [mutagenic meat]
 13567 | D:10     | Gained mutation: You passively map a small area around you. [mutagenic meat]
 13644 | D:10     | Reached skill level 1 in Fighting
 13675 | D:10     | Found a staircase to the Orcish Mines.
 14018 | D:10     | Noticed a red ugly thing
 14091 | D:10     | Killed a red ugly thing
 14513 | D:10     | Noticed an iron golem
 14513 | D:10     | Noticed an iron golem
 14513 | D:10     | Noticed an iron golem
 14513 | D:10     | Noticed an iron golem
 14733 | D:11     | Noticed Maud
 14744 | D:11     | Slain by Maud

Action                   |  1- 3 |  4- 6 |  7- 9 | 10-12 || total
-------------------------+-------+-------+-------+-------++-------
Melee: Unarmed           |     4 |       |       |       ||     4
       Short sword       |     9 |    68 |   127 |       ||   204
       Flail             |       |       |   216 |       ||   216
       Falchion          |       |       |    96 |   104 ||   200
 Cast: Flame Tongue      |    89 |   109 |   273 |   426 ||   897
       Conjure Flame     |       |     3 |    15 |    17 ||    35
       Sticky Flame      |       |     1 |     6 |    21 ||    28
       Fireball          |       |       |     1 |       ||     1
       Force Lance       |       |       |       |     2 ||     2
       Shock             |       |       |       |     1 ||     1
 Abil: Evoke Teleportati |       |       |     1 |       ||     1
Evoke: Wand              |       |       |     3 |    10 ||    13
  Use: Scroll            |     1 |       |    11 |     7 ||    19
       Potion            |       |       |     2 |       ||     2
 Stab: Sleeping          |       |       |    10 |     3 ||    13
       Paralysed         |       |       |       |    11 ||    11
  Eat: Chunk             |     2 |     9 |    13 |    13 ||    37
       Meat ration       |       |       |     1 |       ||     1
       Pizza             |       |       |       |     2 ||     2
       Royal jelly       |       |       |       |     1 ||     1
       Beef jerky        |       |       |       |     2 ||     2
       Fruit             |       |       |       |     1 ||     1
